 Dungeon Crawl Stone Soup version 0.29-a0-330-g52719c12eb (webtiles) character file.

Game seed: 10588764082914472802

33 Crownlay the Digger (level 3, -4/21 HPs)
             Began as an Octopode Earth Elementalist on May 8, 2022.
             Slain by Grinder (5 damage)
             ... on level 3 of the Dungeon.
             The game lasted 00:03:07 (1354 turns).

Crownlay the Digger (Octopode Earth Elementalist)   Turns: 1354, Time: 00:03:08

Health: -4/21      AC:  1    Str:  7    XL:     3   Next: 29%
Magic:  2/7        EV: 13    Int: 19    God:
Gold:   42         SH:  0    Dex: 12    Spells: 7/8 levels left

rFire   . . .      SeeInvis .   f - +0 dagger
rCold   . . .      Faith    .   (no shield)
rNeg    . . .      Spirit   .   (helmet restricted)
rPois   .          Reflect  .   (no amulet)
rElec   .          Harm     .   (no ring)
rCorr   .          Rampage  .   (no ring)
Will    .....                   (no ring)
Stlth   +++.......              (no ring)
HPRegen 0.07/turn               (no ring)
MPRegen 0.10/turn               (no ring)
                                (no ring)
                                (no ring)

@: no status effects
A: almost no armour, amphibious, 8 rings, camouflage 1, gelatinous body 1,
(nimble swimmer 1), tentacles
a: no special abilities


You were on level 3 of the Dungeon.
You visited 1 branch of the dungeon, and saw 3 of its levels.

You collected 42 gold pieces.

Inventory:

Hand Weapons
 f - a +0 dagger (weapon)
Missiles
 a - 14 stones
Scrolls
 c - a scroll of identify {unknown}
 d - a scroll of teleportation
 e - a scroll of enchant armour {unknown}
 g - a scroll of acquirement {unknown}
Potions
 b - a potion of magic
 h - a potion of curing {unknown}
 i - a potion of haste {unknown}
 j - a potion of degeneration {unknown}


   Skills:
 - Level 2.0 Dodging
 - Level 2.6 Stealth
 * Level 3.0 Spellcasting
 - Level 1.0 Transmutations
 + Level 3.4 Earth Magic


You had 7 spell levels left.
You knew the following spells:

 Your Spells              Type           Power      Damage    Failure   Level
a - Sandblast             Erth           30%        2d9       3%          1

Your spell library contained the following spells:

 Spells                   Type           Power      Damage    Failure   Level
 Passwall                 Tmut/Erth      9%         N/A       10%         2
 Stone Arrow              Conj/Erth      18%        3d8       22%         3
 Petrify                  Tmut/Erth      11%        N/A       52%         4


Dungeon Overview and Level Annotations

Branches:
Dungeon (3/15)

Altars:

Annotations:
D:2 Terence
D:3 Grinder


Innate Abilities, Weirdness & Mutations

You cannot wear most types of armour.
You are amphibious.
You can wear up to eight rings at the same time.
Your skin changes colour to match your surroundings (Stealth+).
Your rubbery body absorbs attacks. (AC +1, EV +1)
((You are camouflaged when in or above water. (Stealth+)))
You have tentacles for arms and can constrict up to eight enemies at once.


Message History

You closely miss the bat. You grab the bat.
The bat is moderately wounded.
You constrict the bat. The bat completely misses you.
The bat hits the bush but does no damage.
The bat struggles to escape constriction.
You hit the bat.
You kill the bat!
No target in view!
No target in view!
No target in view!
No target in view!
Grinder comes into view.
No reachable target in view!
Grinder shouts!
Found 9 gold pieces.
Grinder drinks a potion.
Grinder suddenly seems more resistant.
Grinder gestures at you. You resist with significant effort.
Found 18 gold pieces.
The blast of sand hits Grinder.
Grinder is lightly wounded.
The blast of sand hits Grinder!
Grinder is lightly wounded.
Grinder blinks!
The blast of sand hits Grinder but does no damage.
Grinder is lightly wounded.
Grinder barely misses you.
The blast of sand misses Grinder.
Grinder hits you!
You writhe in agony.
You are too injured to fight recklessly!
Casting: Sandblast (safe; 3% risk of failure)
Confirm with . or Enter, or press ? or * to list all spells.
Aiming: Sandblast (safe; 3% risk of failure)
Press: ? - help, Shift-Dir - straight line, f/p - Grinder
Aim: Grinder (lightly wounded, unusually resistant, 77% to hit)
The blast of sand hits Grinder.
Grinder is moderately wounded.
Grinder hits you!
* * * LOW HITPOINT WARNING * * *
You writhe in agony.
You die... ####### #.@...# PPP5PPP.# $......P.# PPP.PPPPP.#

..P.P...P.#
.PPP$P.P.P.#
.P...P.P.# ####
P.PPPPP)P)########
#..#
P...P...##(..###...


You could see Grinder (resistant).

Vanquished Creatures
  An adder (D:3)
  2 dart slugs (D:1)
  A ball python (D:3)
  A giant cockroach (D:1)
  2 goblins
  2 hobgoblins
  3 jackals (D:1)
  A bat (D:3)
  A frilled lizard (D:1)
  2 kobolds (D:1)
  4 rats
20 creatures vanquished.

Vanquished Creatures (others)
  10 fungi (D:2)
  3 toadstools (D:2)
13 creatures vanquished.

Grand Total: 33 creatures vanquished

Notes
Turn   | Place    | Note
-------+----------+-------------------------------------------
     0 | D:1      | Crownlay the Octopode Earth Elementalist began the quest
                  | for the Orb.
     0 | D:1      | Reached XP level 1. HP: 11/11 MP: 3/3
   269 | D:2      | Noticed Terence
   618 | D:1      | Reached XP level 2. HP: 11/17 MP: 5/5
   948 | D:1      | Found a faded altar of an unknown god.
  1293 | D:3      | Reached XP level 3. HP: 21/21 MP: 2/7
  1343 | D:3      | Noticed Grinder
  1354 | D:3      | HP: 1/21 [Grinder (8)]
  1354 | D:3      | Slain by Grinder

Illustrated notes

Levels and vault maps discovered:
D:1:      lemuel_arrival_lava_pool, layout_rooms,
          shapermc_ecumenical_altar_pompeii
D:2:      layout_rooms, minmay_gold_behind_fungi, uniq_terence, uniq_natasha
D:3:      layout_rooms, chequers_arboretum, minmay_hedge_maze, uniq_grinder,
          uniq_crazy_yiuf_cottage

Skill      XL: |  1  2 |
---------------+-------+-----
Spellcasting   | 3 |  3.0
Dodging        | |  2.0
Stealth        | |  2.6
Transmutations | |  1.0
Earth Magic    | |  3.4

Action                   || total
-------------------------++-------
Melee: Unarmed           ||     5
       Dagger            ||    22
       Constrict         ||    10
       Tentacles         ||     6
       Punch             ||     1
 Cast: Sandblast         ||    21
  Use: Scroll            ||     1
 Stab: Sleeping          ||     3
Armor: Skin              ||     3
Dodge: Dodged            ||    24

Table legend: (Time is in decaauts)
 A = Elapsed time spent in this place.
 B = Non-inter-level travel time spent in this place.
 C = Inter-level travel time spent in this place.
 D = Time resting spent in this place.
 E = Time spent auto-exploring this place.
 F = Levels seen in this place.
 G = Mean time per level.
                   A        B        C        D        E       F      G
               +--------+--------+--------+--------+--------+-----+--------+
         Total |   1354 |   1341 |     13 |    216 |    912 |   3 |  451.3 |
       Dungeon |   1354 |   1341 |     13 |    216 |    912 |   3 |  451.3 |
               +--------+--------+--------+--------+--------+-----+--------+

Top non-repeatable levels by time:
     D:1: 903 daAuts
     D:2: 289 daAuts
     D:3: 161 daAuts
